 Dungeon Crawl Stone Soup version 0.32-a0-960-g3814254bd7 (webtiles) character file.

Game seed: 8103553923372318498

424 retardedninja the Trooper (level 6, -1/51 HPs)
             Began as a Coglin Fighter on Apr 17, 2024.
             Slain by a bullfrog (3 damage)
             ... in a sewer.
             The game lasted 00:04:22 (2337 turns).

retardedninja the Trooper (Coglin Fighter)          Turns: 2337, Time: 00:04:22

Health: -1/51      AC:  9    Str: 18    XL:     6   Next: 96%
Magic:  6/6        EV: -1    Int:  8    God:
Gold:   191        SH:  0    Dex: 13    Spells: 5/5 levels left

rFire   . . .        a - +0 war axe {Esmond}
rCold   . . .        j - +0 flail {Ilshubani}
rNeg    . . .        b - +0 scale mail
rPois   .            (no helmet)
rElec   .            c - +0 cloak
rCorr   .            f - +0 pair of gloves
SInv    .            (no boots)
Will    .....        (amulet unavailable) Stlth
                     (ring unavailable)
HPRegen 0.28/turn    (ring unavailable)
MPRegen 0.10/turn    (no gizmo)

%: no passive effects
@: attractive, constricted, revved, very slow
A: off-hand wielding, slow wielding, warmup strikes, no jewellery
a: Invent Gizmo


You were in a sewer.
You visited 1 branch of the dungeon, and saw 3 of its levels.
You also visited: Sewer.

You collected 191 gold pieces.

Inventory:

Hand Weapons
 a - a +0 war axe (weapon) {Esmond}
 j - a +0 flail (offhand) {Ilshubani}
Missiles
 h - a throwing net (quivered)
Armour
 b - a +0 scale mail (worn)
 c - a +0 cloak (worn)
 f - a +0 pair of gloves (worn)
Scrolls
 i - a scroll of noise {unknown}
 k - 3 scrolls of identify {unknown}
 m - 2 scrolls of enchant armour {unknown}
 p - a scroll of torment {unknown}
 q - a scroll of teleportation {unknown}
 w - a scroll of brand weapon {unknown}
Potions
 d - a potion of might
 g - a potion of curing {unknown}
 l - a potion of attraction
 n - a potion of resistance {unknown}
 o - a potion of berserk rage {unknown}
 r - a potion of brilliance {unknown}
 s - a potion of magic {unknown}
 t - a potion of haste
 u - a potion of mutation {unknown}
 v - a potion of heal wounds {unknown}


   Skills:
 * Level 5.2 Fighting
 * Level 4.6 Axes
 + Level 4.0 Armour
 - Level 2.1 Shields


You had 5 spell levels left.
You didn't know any spells.
Your spell library was empty.

Dungeon Overview and Level Annotations

Branches:
Dungeon (3/15)              Sewer (1/1)

Altars:

Shops:
D:2 ?


Innate Abilities, Weirdness & Mutations

You can wield a second weapon in your off-hand.
It takes a long time for you to wield or remove held weapons.
Your first few attacks do less damage.
You cannot equip rings or amulets.


Message History

The bullfrog hits you.
The bullfrog snags a nearby fly with its tongue.
The bullfrog closely misses you. The adder barely misses you.
The bullfrog hits you but does no damage.
The ball python bites you but does no damage.
The ball python grabs you. The ball python constricts you.
You hit the bullfrog with your +0 flail.
The bullfrog is moderately wounded.
You hit the bullfrog with your +0 war axe.
You barely miss the adder with your +0 war axe.
You hit the ball python with your +0 war axe.
You hit the bullfrog with your +0 war axe.
The bullfrog hits you but does no damage.
The adder bites you but does no damage. The bullfrog hits you.
* * * LOW HITPOINT WARNING * * *
The ball python bites you.
* * * LOW HITPOINT WARNING * * *
The ball python constricts you.
* * * LOW HITPOINT WARNING * * *
The bullfrog hits you but does no damage.
The adder bites you but does no damage.
The bullfrog hits you but does no damage.
Unknown command.
It was a potion of attraction.
You feel attractive to monsters. The bullfrog hits you.
* * * LOW HITPOINT WARNING * * *
The ball python bites you but does no damage.
The ball python constricts you. The adder bites you but does no damage.
The bullfrog hits you.
* * * LOW HITPOINT WARNING * * *
The bullfrog hits you.
* * * LOW HITPOINT WARNING * * *
Unknown command.
It was a potion of cancellation.
Your magical effects are unravelling.
You feel magically purged.
The ball python bites you but does no damage.
The ball python constricts you. The bullfrog hits you.
You die...

#####################
###..~~≈≈≈~~~~SS≈≈~≈...
##....~≈~~~≈~..@#~≈≈~...
#....~~≈~~~~#~F#F~~≈~~..
#....~~~~~~~~≈S≈≈~~~≈...
##.....≈≈~~~≈≈≈≈≈~≈≈~≈...
#......≈≈≈≈≈≈≈≈≈≈≈≈≈≈~#..
#....################## #
#...#### ..†.#..#
....'..#


You could see 2 bullfrogs, 2 adders and a ball python.

Vanquished Creatures
  Grinder (D:3)
  Terence (D:2)
  11 adders
  3 river rats (Sewer)
  A dart slug (D:2)
  An orc (D:3)
  16 ball pythons
  2 bats (D:1)
  5 endoplasms
  4 giant cockroaches
  4 goblins
  6 hobgoblins
  2 jackals (D:3)
  5 kobolds
  3 quokkas
  2 frilled lizards
  22 rats
89 creatures vanquished.

Notes
Turn   | Place    | Note
-------+----------+-------------------------------------------
     0 | D:1      | retardedninja the Coglin Fighter began the quest for the
                  | Orb.
     0 | D:1      | Reached XP level 1. HP: 18/18 MP: 1/1
   189 | D:1      | Reached XP level 2. HP: 24/24 MP: 2/2
   869 | D:2      | Reached XP level 3. HP: 29/29 MP: 3/3
  1145 | D:2      | Found Wisozul's Magic Scroll Shop.
  1208 | D:2      | Noticed Terence
  1219 | D:2      | Killed Terence
  1220 | D:2      | Reached XP level 4. HP: 16/37 MP: 4/4
  1618 | D:2      | Reached skill level 4 in Fighting
  1851 | D:3      | Noticed Grinder
  1862 | D:3      | Paralysed by Grinder for 4 turns
  1874 | D:3      | Killed Grinder
  1875 | D:3      | Reached XP level 5. HP: 24/43 MP: 5/5
  1875 | D:3      | Reached XP level 6. HP: 28/50 MP: 6/6
  1879 | D:3      | Found a glowing drain.
  1906 | Sewer    | Entered a sewer
  2085 | Sewer    | Reached skill level 5 in Fighting
  2336 | Sewer    | HP: 2/51 [bullfrog (6)]
  2337 | Sewer    | Slain by a bullfrog

Illustrated notes

Levels and vault maps discovered:
D:1:      minmay_arrival_shattered_statue, layout_loops_ring
D:2:      kennysheep_six_static_rooms, layout_loops_ring, serial_shops, shop,
          minmay_misc_feat_doors, uniq_terence
D:3:      layout_basic, gup_sewer_entry_glass, uniq_sigmund, uniq_grinder
Sewer:    sewer_minmay_w

Skill      XL: |  1  2  3  4  5  6 |
---------------+-------------------+-----
Armour         | 3 4 |  4.0
Axes           | 3 4 |  4.6
Fighting       | 4 5 |  5.2
Shields        | |  2.1

Action                     |  1- 3 |  4- 6 || total
---------------------------+-------+-------++-------
  Melee: War axe           |    61 |   105 ||   166
         Club              |    22 |       ||    22
         Flail             |    31 |   103 ||   134
    Use: Potion            |     1 |     3 ||     4
 Armour: Scale mail        |    52 |   164 ||   216
  Dodge: Dodged            |    34 |    93 ||   127

Table legend: (Time is in decaauts)
 A = Elapsed time spent in this place.
 B = Non-inter-level travel time spent in this place.
 C = Inter-level travel time spent in this place.
 D = Time resting spent in this place.
 E = Time spent auto-exploring this place.
 F = Levels seen in this place.
 G = Mean time per level.
                   A        B        C        D        E       F      G
               +--------+--------+--------+--------+--------+-----+--------+
         Total |   2397 |   2330 |     67 |    304 |   1504 |   4 |  599.2 |
       Dungeon |   1914 |   1847 |     67 |    152 |   1309 |   3 |  638.0 |
         Sewer |    483 |    483 |      0 |    152 |    195 |   1 |  483.0 |
               +--------+--------+--------+--------+--------+-----+--------+

Top non-repeatable levels by time:
     D:2: 913 daAuts
     D:1: 861 daAuts
   Sewer: 483 daAuts
     D:3: 138 daAuts
